 Dungeon Crawl Stone Soup version 0.29-a0-409-gd843f3a48c (webtiles) character file.

Game seed: 712300863688970224

32202 pokeman the Eclecticist (level 13, -6/72 HPs)
             Began as a Deep Elf Hedge Wizard on May 14, 2022.
             Was an Elder of Vehumet.
             Mangled by an entropy weaver simulacrum (23 damage)
             ... in an ice cave.
             The game lasted 00:59:37 (20221 turns).

pokeman the Eclecticist (Deep Elf Hedge Wizard)    Turns: 20221, Time: 00:59:38

Health: -6/72      AC: 14    Str:  7    XL:     13   Next: 30%
Magic:  25/46      EV: 11    Int: 34    God:    Vehumet [****..]
Gold:   427        SH: 12    Dex: 14    Spells: 25/49 levels left

rFire   . . .      SeeInvis .   n - +1 whip "Wusoixit" {flame, Int+3}
rCold   . . .      Faith    .   B - +2 buckler
rNeg    + . .      Spirit   .   I - +3 leather armour
rPois   +          Reflect  +   p - +2 hat
rElec   .          Harm     .   R - +2 cloak {rCorr}
rCorr   +          Rampage  .   N - +0 pair of gloves
Will    +....                   x - +0 pair of boots
Stlth   ++........              k - amulet of reflection
HPRegen 0.22/turn               J - ring of poison resistance
MPRegen 0.30/turn               Y - ring "Loerus" {rN+ MP+9 Int+6}

@: no status effects
A: no striking features
a: Renounce Religion


You were in an ice cave.
You worshipped Vehumet.
Vehumet was greatly pleased with you.
You visited 2 branches of the dungeon, and saw 15 of its levels.
You also visited: Ossuary, Bailey and Ice Cave.

You collected 1723 gold pieces.
You spent 1296 gold pieces at shops.

Inventory:

Hand Weapons
 n - the +1 whip "Wusoixit" (weapon) {flame, Int+3}
   (You found it on level 12 of the Dungeon)

   It burns those it strikes, dealing additional fire damage.
   Int:       It affects your intelligence (+3).
 o - a +2 dagger of electrocution
 v - a +0 hand crossbow
Armour
 i - +0 acid dragon scales
 p - a +2 hat (worn)
 x - a +0 pair of boots (worn)
 z - a +1 leather armour of positive energy
 B - a +2 buckler (worn)
 I - a +3 leather armour (worn)
 N - a +0 pair of gloves (worn)
 R - a +2 cloak of preservation (worn)
Magical Staves
 l - a staff of air
 s - a staff of poison
Jewellery
 j - a ring of flight
 k - an amulet of reflection (around neck)
 u - an amulet of the acrobat
 A - a ring of magical power
 J - a ring of poison resistance (left hand)
 O - a ring of wizardry
 X - a ring of protection from fire
 Y - the ring "Loerus" (right hand) {rN+ MP+9 Int+6}
   (You bought it in a shop on level 1 of the Dungeon)

   [ring of magical power]

   Int:       It affects your intelligence (+6).
   rN:        It protects you from negative energy.
   MP:        It affects your magic capacity (+9).
Wands
 a - a wand of polymorph (7)
 Q - a wand of iceblast (18)
 T - a wand of mindburst (29)
 W - a wand of digging (3)
Scrolls
 c - 3 scrolls of magic mapping
 e - 12 scrolls of teleportation
 g - a scroll of fear
 y - a scroll of vulnerability
 E - a scroll of summoning {unknown}
 G - a scroll of enchant armour {unknown}
 L - 2 scrolls of enchant weapon {unknown}
 P - a scroll of torment {unknown}
 S - a scroll of blinking {unknown}
Potions
 b - a potion of haste {unknown}
 d - 3 potions of magic
 f - 15 potions of curing
 h - a potion of mutation
 m - a potion of cancellation
 q - 6 potions of might
 r - 2 potions of lignification
 t - 10 potions of heal wounds
 w - 3 potions of resistance {unknown}
 F - 3 potions of flight {unknown}
 H - 2 potions of brilliance {unknown}
 M - a potion of attraction {unknown}
 U - 4 potions of ambrosia


   Skills:
 + Level 4.4 Fighting
 - Level 5.0 Armour
 - Level 3.0 Dodging
 - Level 3.0 Stealth
 - Level 5.0 Shields
 * Level 18.8 Spellcasting
 + Level 11.3 Conjurations
 - Level 1.1 Summonings
 - Level 1.1 Translocations
 + Level 10.9 Fire Magic
 - Level 1.0 Air Magic
 - Level 1.1 Earth Magic
 - Level 1.0 Poison Magic
 - Level 1.0 Evocations


You had 25 spell levels left.
You knew the following spells:

 Your Spells              Type           Power      Damage    Failure   Level
a - Magic Dart            Conj           100%       1d8       0%          1
b - Mephitic Cloud        Conj/Pois/Air  58%        N/A       1%          3
c - Call Imp              Summ           39%        N/A       1%          2
d - Blink                 Tloc           78%        N/A       1%          2
e - Conjure Flame         Conj/Fire      83%        6-21      1%          3
f - Foxfire               Conj/Fire      100%       2x1d9     0%          1
g - Stone Arrow           Conj/Erth      100%       3d13      1%          3
h - Swiftness             Air            38%        N/A       4%          3
i - Iron Shot             Conj/Erth      32%        9d7       7%          6

Your spell library contained the following spells:

 Spells                   Type           Power      Damage    Failure   Level
 Animate Skeleton         Necr           64%        N/A       1%          1
 Apportation              Tloc           78%        N/A       1%          1
 Freeze                   Ice            100%       1d11      1%          1
 Slow                     Hex            100%       N/A       1%          1
 Summon Small Mammal      Summ           100%       N/A       1%          1
 Frozen Ramparts          Ice            64%        1d8       1%          3
 Ignite Poison            Fire/Tmut/Pois 56%        N/A       1%          3
 Fulminant Prism          Conj/Hex       31%        3d16      1%          4
 Hailstorm                Conj/Ice       63%        3d13      1%          4
 Iskenderun's Mystic Bla  Conj/Tloc      65%        2d13      1%          4
 Irradiate                Conj/Tmut      31%        3d23      1%          5
 Gell's Gravitas          Tloc           39%        N/A       3%          3
 Lesser Beckoning         Tloc           39%        N/A       3%          3
 Teleport Other           Tloc           39%        N/A       3%          3
 Lee's Rapid Deconstruct  Erth           19%        3d12*     10%         5
 Summon Lightning Spire   Summ/Air       39%        N/A       13%         4
 Blade Hands              Tmut           16%        N/A       50%         5
 Dragon Form              Tmut           16%        N/A       100%        7
 Chain Lightning          Conj/Air       32%        3d43      100%        9


Dungeon Overview and Level Annotations

Branches:
Dungeon (14/15)            Temple (1/1) D:4            Lair (0/6) D:9
    Orc (0/2) D:11        Ossuary (visited)          Bailey (visited)
  IceCv (1/1)
 Vaults: D:13-14

Altars:
Ashenzari
Cheibriados
Gozag
Hepliaklqana
Kikubaaqudgha
Makhleb
Nemelex Xobeh
Okawaru
Qazlal
Ru
Sif Muna
Trog
Uskayaw
Vehumet
Wu Jian
Xom
Yredelemnul
The Shining One
Beogh

Shops:
D:1 [!=!   D:10 [


Message History

The stone arrow hits the ice statue!!
You destroy the ice statue!
Vehumet accepts your kill.
The ice beast disappears in a puff of smoke!
The two-headed ogre is engulfed in noxious fumes.
The two-headed ogre hits itself with a +0 giant club!!
The two-headed ogre completely misses itself.
There is an open door here.
You close the door.
There is a frozen archway here.
The world spins around you as you enter the gateway.
You enter an ice cave!
Found an ice covered gate leading back out of this place.
There is an ice choked empty arch of ancient stone here.
Casting: Stone Arrow (safe; 1% risk of failure)
Confirm with . or Enter, or press ? or * to list all spells.
The fire begins to smoulder!
The fire ignites!
Casting: Conjure Flame (safe; 1% risk of failure)
Confirm with . or Enter, or press ? or * to list all spells.
Aiming: Stone Arrow (safe; 1% risk of failure)
Press: ? - help, Shift-Dir - straight line, f - ice devil
Aim: an ice devil (78% to hit)
The stone arrow hits the ice devil!
The ice devil is moderately wounded.
Unknown command.
Casting: Stone Arrow (safe; 1% risk of failure)
Confirm with . or Enter, or press ? or * to list all spells.
Aiming: Stone Arrow (safe; 1% risk of failure)
Press: ? - help, Shift-Dir - straight line, f/p - ice devil
Aim: an ice devil (moderately wounded, 78% to hit)
The stone arrow hits the ice devil!
The ice devil is heavily wounded.
The entropy weaver simulacrum is engulfed in blazing flames.
The entropy weaver simulacrum hits you.
The entropy weaver simulacrum freezes you!
The entropy weaver simulacrum hits you!
* * * LOW HITPOINT WARNING * * *
The entropy weaver simulacrum freezes you!!
You die...

##
###
.#..#
#.∩.#
##@.#
#4Z.#
#ZZ.#
#...#
...##
##...
#..#
#.##
..


You could see an ice devil, a minotaur simulacrum, a deep troll simulacrum and
an entropy weaver simulacrum.

Vanquished Creatures
  An orc warlord (Bailey)
  The ghost of osinmv the Thaumaturge, a journeyman DECj of Ashenzari (D:13)
  2 boulder beetles (D:14)
  3 hydras
  4 two-headed ogres
  3 tengu warriors
  3 centaur warriors
  Urug (D:10)
  Pikel (D:5)
  3 deep elf pyromancers (D:14)
  An orc knight (Bailey)
  4 ugly things
  A cyclops (D:12)
  Maurice (D:8)
  A manticore (D:13)
  A torpor snail (shapeshifter) (D:14)
  An ice statue (D:14)
  3 gargoyles
  A kobold demonologist (D:11)
  2 komodo dragons (D:11)
  An efreet (D:14)
  6 trolls
  A queen bee (D:9)
  A wolf spider simulacrum (D:14)
  A hornet (D:11)
  A slime creature (D:14)
  A vampire (D:9)
  A shadow (D:13)
  Sigmund (D:6)
  2 wraiths (D:12)
  13 yaks
  3 wyverns
  2 basilisks (D:14)
  7 vampire mosquitoes
  3 wargs
  Edmund (D:4)
  3 acid dragons
  10 orc warriors
  2 water moccasins
  A black bear (D:5)
  9 centaurs
  4 ogres
  3 lemures (D:5)
  2 kobold brigands
  6 bullfrogs
  An elf zombie (D:8)
  A gnoll sergeant (D:9)
  5 scorpions
  3 water moccasin zombies (Ossuary)
  3 elf skeletons (D:8)
  4 wights (D:8)
  38 killer bees
  2 howler monkeys (D:7)
  4 hounds
  2 jellies (D:6)
  A gnoll shaman (D:10)
  2 human zombies (D:8)
  6 orc priests
  3 human skeletons (D:8)
  3 iguanas
  11 orc wizards
  Natasha (thrice) (D:2)
  2 mummies (Ossuary)
  19 gnolls
  5 adders
  A white imp (D:7)
  4 adder zombies (Ossuary)
  A worm (D:2)
  42 orcs
  5 ball pythons
  9 bats
  7 endoplasms
  5 giant cockroaches
  5 gnoll zombies (Ossuary)
  10 goblins
  11 hobgoblins
  9 jackals
  26 kobolds
  4 quokkas
  3 frilled lizards
  A hobgoblin zombie (Ossuary)
  2 kobold zombies (Ossuary)
  2 orc skeletons (D:8)
  7 orc zombies (Ossuary)
  5 rats
400 creatures vanquished.

Vanquished Creatures (collateral kills)
  3 killer bees
  An orc (D:3)
  2 ball pythons (D:2)
  A rat (D:2)
  14 foxfires
21 creatures vanquished.

Vanquished Creatures (others)
  An ugly thing (D:14)
  A slime creature (D:14)
  A killer bee (D:10)
  636 foxfires
  7 fungi
  4 plants (D:9)
650 creatures vanquished.

Grand Total: 1071 creatures vanquished

Notes
Turn   | Place    | Note
-------+----------+-------------------------------------------
     0 | D:1      | pokeman the Deep Elf Hedge Wizard began the quest for the
                  | Orb.
     0 | D:1      | Reached XP level 1. HP: 10/10 MP: 7/7
    16 | D:1      | Found Apintybyan's Jewellery Boutique.
   305 | D:1      | Found Ixusean's Armour Shoppe.
   309 | D:1      | Reached XP level 2. HP: 16/16 MP: 5/9
   376 | D:1      | Found Tufew's Distillery.
   835 | D:1      | Reached skill level 5 in Spellcasting
   976 | D:1      | Found Vikhluq's Distillery.
  1020 | D:1      | Reached XP level 3. HP: 17/20 MP: 6/11
  1024 | D:1      | Learned a level 3 spell: Mephitic Cloud
  1027 | D:1      | Learned a level 2 spell: Call Imp
  1030 | D:1      | Learned a level 2 spell: Blink
  1034 | D:1      | Learned a level 3 spell: Conjure Flame
  1471 | D:2      | Noticed Natasha
  1642 | D:2      | Reached skill level 1 in Fighting
  1827 | D:2      | Reached skill level 1 in Armour
  1890 | D:2      | Killed Natasha
  1891 | D:2      | Reached XP level 4. HP: 4/25 MP: 0/13
  2470 | D:2      | Noticed Natasha
  2524 | D:2      | Killed Natasha
  2525 | D:2      | Reached skill level 1 in Fire Magic
  2663 | D:2      | Noticed Natasha
  2672 | D:2      | Killed Natasha
  2673 | D:2      | Reached skill level 6 in Spellcasting
  2673 | D:2      | Reached XP level 5. HP: 17/29 MP: 2/15
  3543 | D:3      | Reached skill level 1 in Air Magic
  3575 | D:3      | Reached XP level 6. HP: 23/34 MP: 2/17
  3926 | D:3      | Reached skill level 1 in Poison Magic
  4318 | D:4      | Identified the +1 ring mail of Didoax {Rampage +Blink
                  | Regen+ Slay+2}
  4540 | D:4      | Found a staircase to the Ecumenical Temple.
  4571 | Temple   | Entered the Ecumenical Temple
  4812 | Temple   | Became a worshipper of Vehumet
  5027 | D:4      | Noticed Edmund
  5035 | D:4      | Killed Edmund
  5036 | D:4      | Reached skill level 7 in Spellcasting
  5098 | D:4      | Reached XP level 7. HP: 38/39 MP: 13/20
  5647 | D:5      | Entered Level 5 of the Dungeon
  5705 | D:5      | Reached skill level 8 in Spellcasting
  5730 | D:5      | Found a burning altar of Makhleb.
  6091 | D:5      | Reached skill level 1 in Evocations
  6297 | D:5      | Noticed a wyvern
  6338 | D:5      | Killed a wyvern
  6843 | D:5      | Noticed Pikel
  6858 | D:5      | Reached XP level 8. HP: 18/44 MP: 6/22
  7217 | D:5      | Killed Pikel
  7218 | D:5      | Reached skill level 9 in Spellcasting
  7218 | D:5      | Reached skill level 5 in Conjurations
  7545 | D:6      | Reached skill level 10 in Spellcasting
  7609 | D:6      | Noticed Sigmund
  7616 | D:6      | Killed Sigmund
  7617 | D:6      | Reached skill level 1 in Shields
  7823 | D:6      | Reached XP level 9. HP: 48/48 MP: 21/25
  8451 | D:7      | Reached skill level 5 in Fire Magic
  8465 | D:7      | Found a flagged portal.
  8487 | Bailey   | Entered a bailey
  8540 | Bailey   | Reached * piety under Vehumet
  8540 | Bailey   | Offered knowledge of Foxfire by Vehumet.
  8548 | Bailey   | Learned a level 1 spell: Foxfire
  8603 | Bailey   | Noticed an orc warlord
  8614 | Bailey   | Reached skill level 11 in Spellcasting
  8827 | Bailey   | Noticed an orc knight
  8854 | Bailey   | Killed an orc knight
  8917 | Bailey   | Found a runed translucent gate.
  8918 | Bailey   | Found a runed translucent gate.
  8919 | Bailey   | Found a runed translucent gate.
  9091 | Bailey   | Killed an orc warlord
  9092 | Bailey   | Reached skill level 12 in Spellcasting
  9165 | Bailey   | Got the Catalogue of Nocuous Flight
  9170 | Bailey   | Learned a level 3 spell: Swiftness
  9284 | D:7      | Reached XP level 10. HP: 53/53 MP: 23/28
 10007 | D:8      | Offered knowledge of Scorch by Vehumet.
 10018 | D:8      | Reached ** piety under Vehumet
 10068 | D:8      | Reached skill level 13 in Spellcasting
 10096 | D:8      | Found a sand-covered staircase.
 10104 | Ossuary  | Entered an ossuary
 10246 | Ossuary  | Offered knowledge of Static Discharge by Vehumet.
 10322 | D:8      | Noticed Maurice
 10340 | D:8      | Killed Maurice
 10528 | D:8      | Noticed a purple ugly thing
 10540 | D:8      | Killed a purple ugly thing
 10677 | D:8      | Reached *** piety under Vehumet
 11177 | D:9      | Reached skill level 14 in Spellcasting
 11267 | D:9      | Found a staircase to the Lair.
 11341 | D:9      | Offered knowledge of Olgreb's Toxic Radiance by Vehumet.
 11356 | D:9      | Reached XP level 11. HP: 50/60 MP: 16/31
 11743 | D:9      | Noticed a seven-headed hydra
 11789 | D:9      | Killed a seven-headed hydra
 11817 | D:9      | Reached **** piety under Vehumet
 12307 | D:9      | Offered knowledge of Stone Arrow by Vehumet.
 12308 | D:9      | Reached skill level 15 in Spellcasting
 12719 | D:10     | Entered Level 10 of the Dungeon
 12719 | D:10     | Noticed a two-headed ogre
 12783 | D:10     | Killed a two-headed ogre
 12858 | D:10     | Noticed Urug
 12892 | D:10     | Killed Urug
 13325 | D:10     | Found Jabboong's Antique Armour Emporium.
 14117 | D:1      | Bought the ring "Loerus" {rN+ MP+9 Int+6} for 569 gold
                  | pieces
 14152 | D:1      | Bought a potion of curing for 42 gold pieces
 14351 | Temple   | Acquired 809 gold pieces
 14443 | D:1      | Bought a potion of curing for 42 gold pieces
 14443 | D:1      | Bought a potion of curing for 42 gold pieces
 14443 | D:1      | Bought a potion of lignification for 42 gold pieces
 14443 | D:1      | Bought 3 potions of curing for 126 gold pieces
 14482 | D:1      | Bought a potion of magic for 112 gold pieces
 14482 | D:1      | Bought a potion of heal wounds for 70 gold pieces
 14482 | D:1      | Bought a potion of curing for 42 gold pieces
 14675 | D:10     | Bought an ancient cloak for 209 gold pieces
 14675 | D:10     | Identified the -3 cloak "Norphuod" {rPois Will- Regen+}
                  | (You bought it in a shop on level 10 of the Dungeon)
 15046 | D:11     | Found a staircase to the Orcish Mines.
 15380 | D:11     | Noticed a two-headed ogre
 15386 | D:11     | Learned a level 3 spell: Stone Arrow
 15407 | D:11     | Killed a two-headed ogre
 15506 | D:11     | Reached skill level 16 in Spellcasting
 15506 | D:11     | Reached skill level 1 in Earth Magic
 15653 | D:11     | Reached ***** piety under Vehumet
 15674 | D:11     | Offered knowledge of Iron Shot by Vehumet.
 15706 | D:11     | Noticed a soul eater
 15912 | D:11     | Reached XP level 12. HP: 66/66 MP: 32/34
 16894 | D:12     | Learned a level 6 spell: Iron Shot
 17311 | D:12     | Found a hazy altar of Hepliaklqana.
 17328 | D:12     | Noticed a two-headed ogre
 17334 | D:12     | Killed a two-headed ogre
 17335 | D:12     | Reached skill level 10 in Conjurations
 17337 | D:12     | Noticed a tengu warrior
 17343 | D:12     | Killed a tengu warrior
 17504 | D:12     | Identified the +1 whip "Wusoixit" {flame, Int+3}
 17574 | D:12     | Noticed a two-headed ogre
 17577 | D:12     | Killed a two-headed ogre
 17578 | D:12     | Reached skill level 17 in Spellcasting
 17872 | D:12     | Reached skill level 5 in Shields
 18146 | D:13     | Noticed a centaur warrior
 18151 | D:13     | Killed a centaur warrior
 18152 | D:13     | Reached skill level 10 in Fire Magic
 18156 | D:13     | Noticed a tengu warrior
 18160 | D:13     | Noticed a tengu warrior
 18297 | D:13     | Killed a tengu warrior
 18306 | D:13     | Killed a tengu warrior
 18643 | D:13     | Noticed a centaur warrior
 18657 | D:13     | Killed a centaur warrior
 18666 | D:13     | Reached skill level 18 in Spellcasting
 18927 | D:13     | Noticed a four-headed hydra
 18937 | D:13     | Killed a four-headed hydra
 19119 | D:13     | Found a runed translucent gate.
 19120 | D:13     | Found a runed translucent gate.
 19121 | D:13     | Found a runed translucent gate.
 19123 | D:13     | Noticed osinmv's ghost (journeyman DECj)
 19491 | D:13     | Killed osinmv's ghost
 19604 | D:13     | Reached XP level 13. HP: 70/70 MP: 37/37
 19800 | D:14     | Reached skill level 5 in Armour
 20205 | D:14     | Found a frozen archway.
 20217 | IceCv    | Entered an ice cave
 20221 | IceCv    | Mangled by an entropy weaver simulacrum

Illustrated notes

Levels and vault maps discovered:
D:1:      wander_arrival_estate, layout_basic, serial_forest,
          infiniplex_forest_pool, infiniplex_forest_pool,
          infiniplex_forest_zigzag_2, infiniplex_forest_end_1, serial_shops,
          shop, shop, shop, nicolae_shop_advertising_works
          [nicolae_subvault_shop_adworks], nrook_campfire
D:2:      layout_rooms, hangedman_feature_mirror, uniq_natasha
D:3:      layout_basic, serial_corexii_hall, chequers_hall_statues_wall_a,
          corexii_hall_statues_x, chequers_hall_statues_y,
          corexii_hall_statues_x, nicolae_figureground_pulse
D:4:      layout_basic, temple_pool_b, grunt_ministairs_3, uniq_edmund
D:5:      layout_layer_cave, mainiacjoe_overflow_paths, kennysheep_dice,
          uniq_pikel
D:6:      layout_loops_ring, uniq_sigmund
D:7:      layout_rooms, enter_bailey_2, dreamdust_mushroom_princess,
          serial_park_tiny_2
D:8:      layout_loops_ring, nicolae_ossuary_entry_catacombs, uniq_maurice
D:9:      layout_roguey [special_room_bee], dpeg_oklobed_lair
D:10:     layout_loops_ring, serial_shops, nicolae_diamond_shop,
          corexii_leaking_fountain, uniq_urug
D:11:     layout_layer_cave, david_orc_1_choice
D:12:     layout_basic, worldfamousw_hep_ancestral_shrine
D:13:     layout_irregular_city, biasface_ghost_orc_armoury
D:14:     minmay_quarter_circles, layout_rooms,
          lightli_vaults_fourway_checkpoint, minmay_misc_feat_diagonals,
          portal_ice_cave_entry_ice_statue_one
Temple:   mainiacjoe_temple_starburst
IceCv:    ice_cave_caverns_02

Skill      XL: |  1  2  3  4  5  6  7  8  9 10 11 12 13 |
---------------+----------------------------------------+-----
Spellcasting   | 5 6 7 8 10 12 14 16 18 | 18.8
Fighting       | 1 2 3 4 |  4.4
Armour         | 1 2 3 4 5 |  5.0
Conjurations   | 2 3 4 5 7 8 9 10 11 | 11.3
Dodging        | 3 |  3.0
Fire Magic     | 1 2 3 4 6 7 9 10 | 10.9
Air Magic      | 1 |  1.0
Stealth        | 3 |  3.0
Poison Magic   | 1 |  1.0
Evocations     | 1 |  1.0
Shields        | 1 3 4 5 |  5.0
Earth Magic    | 1 |  1.1
Summonings     | |  1.1
Translocations | |  1.1

Action                   |  1- 3 |  4- 6 |  7- 9 | 10-12 | 13-15 || total
-------------------------+-------+-------+-------+-------+-------++-------
Melee: Dagger            |    26 |    42 |    43 |   226 |       ||   337
       Punch             |       |     1 |     1 |     5 |       ||     7
       Whip              |       |       |       |    13 |    11 ||    24
 Cast: Magic Dart        |    99 |   108 |    58 |     4 |       ||   269
       Mephitic Cloud    |     1 |     9 |    23 |    46 |     9 ||    88
       Call Imp          |     1 |     2 |     2 |     5 |     2 ||    12
       Conjure Flame     |       |     2 |    15 |    59 |     6 ||    82
       Blink             |       |       |     2 |     7 |     2 ||    11
       Foxfire           |       |       |    46 |   307 |    20 ||   373
       Stone Arrow       |       |       |       |   107 |    30 ||   137
       Swiftness         |       |       |       |     2 |       ||     2
       Iron Shot         |       |       |       |     2 |     4 ||     6
Evoke: Wand              |       |       |       |       |     1 ||     1
  Use: Scroll            |       |       |       |    14 |     1 ||    15
 Stab: Sleeping          |     1 |       |       |     5 |       ||     6
       Confused          |       |     5 |    10 |    15 |       ||    30
Armor: Robe              |     6 |       |       |       |       ||     6
       Leather armour    |     6 |     4 |    11 |   101 |     9 ||   131
Dodge: Dodged            |    45 |    20 |    27 |   164 |     8 ||   264
       Repelled          |       |       |     1 |       |       ||     1
Block: Other             |       |    13 |    12 |    52 |       ||    77
       Reflection        |       |       |     3 |    10 |     1 ||    14
       Buckler           |       |       |       |    30 |    19 ||    49

Table legend: (Time is in decaauts)
 A = Elapsed time spent in this place.
 B = Non-inter-level travel time spent in this place.
 C = Inter-level travel time spent in this place.
 D = Time resting spent in this place.
 E = Time spent auto-exploring this place.
 F = Levels seen in this place.
 G = Mean time per level.
                   A        B        C        D        E       F      G
               +--------+--------+--------+--------+--------+-----+--------+
         Total |  20256 |  18688 |   1568 |   1312 |  13750 |  18 | 1125.3 |
       Dungeon |  18984 |  17533 |   1451 |   1287 |  13122 |  14 | 1356.0 |
        Temple |    401 |    284 |    117 |      0 |    235 |   1 |  401.0 |
       Ossuary |    178 |    178 |      0 |      0 |     13 |   1 |  178.0 |
        Bailey |    687 |    687 |      0 |     25 |    380 |   1 |  687.0 |
      Ice Cave |      3 |      3 |      0 |      0 |      0 |   1 |    3.0 |
               +--------+--------+--------+--------+--------+-----+--------+

Top non-repeatable levels by time:
    D:11: 1915 daAuts
     D:1: 1832 daAuts
    D:13: 1740 daAuts
     D:9: 1683 daAuts
     D:4: 1609 daAuts
     D:5: 1555 daAuts
     D:3: 1420 daAuts
     D:6: 1398 daAuts
    D:12: 1328 daAuts
    D:10: 1259 daAuts
     D:2: 1225 daAuts
     D:8: 1071 daAuts
  Bailey: 687 daAuts
     D:7: 673 daAuts
  Temple: 401 daAuts
